PAAA
JERSEY CITY TRITONS @ PHOENIX HOTSPUR RESERVES
06/17/2029
 
TOP OF THE 1ST
Jersey City Tritons batting - Pitching for Phoenix Hotspur Reserves : RHP John Ball
Pitching: RHP John Ball
Batting: LHB Francisco Ornelas 0-0: Foul Ball, location: 2F
0-1: Ball
1-1: Ball
2-1: TRIPLE (Flyball, 89XD)
Batting: RHB Colt Cabana 0-0: Ball
1-0: Ball
2-0: Swinging Strike
2-1: Called Strike
2-2: Ball
3-2: Base on Balls
Batting: RHB Juan Chávez 0-0: SINGLE (Flyball, 78S)
Francisco Ornelas scores
Colt Cabana to second
Batting: RHB Zahid Kashani 0-0: DOUBLE (Line Drive, 7LS)
Colt Cabana scores
Juan Chávez to third
Batting: RHB Dave Yates 0-0: Foul Ball, location: 2F
0-1: Foul Ball, location: 2F
0-2: Foul Ball, location: 2F
0-2: Foul Ball, location: 2F
0-2: Fly out, F4 (Popup, 4D)
Batting: RHB Vincent Vega 0-0: Ball
1-0: Called Strike
1-1: Swinging Strike
1-2: Ball
2-2: Ball
3-2: Strikes out looking
Batting: RHB Rudko Hrnjak 0-0: Ball
1-0: Foul Ball, location: 2F
1-1: Ball
2-1: Ground out 6-3 (Groundball, 6)
Top of the 1st over - 2 runs, 3 hits, 0 errors, 2 left on base; Jersey City 2 - Phoenix 0
BOTTOM OF THE 1ST
Phoenix Hotspur Reserves batting - Pitching for Jersey City Tritons : RHP Ben Logan
Pitching: RHP Ben Logan
Batting: SHB Roberto López 0-0: Ball
1-0: SINGLE (Groundball, 56D)
Batting: RHB Rubén Andrada 0-0: Called Strike
0-1: Ball
1-1: Reached on error, E5 (Groundball, 56)
Roberto López to second
Batting: LHB Clark Espinosa 0-0: Ball
1-0: Ball
2-0: Ball
3-0: Called Strike
3-1: Swinging Strike
3-2: 3-RUN HOME RUN (Flyball, 9LD), Distance : 336 ft
Batting: LHB Harumi Takaki 0-0: Called Strike
0-1: Swinging Strike
0-2: Fly out, F3 (Line Drive, 3L)
Batting: RHB Jesús Mejía 0-0: Ball
1-0: Ball
2-0: Foul Ball, location: 2F
2-1: Ball
3-1: Called Strike
3-2: Foul Ball, location: 2F
3-2: Foul Ball, location: 2F
3-2: Ground out 4-3 (Groundball, 4)
Batting: RHB Bob Curry 0-0: Foul Ball, location: 2F
0-1: Ball
1-1: Swinging Strike
1-2: Strikes out looking
Bottom of the 1st over - 3 runs, 2 hits, 1 error, 0 left on base; Jersey City 2 - Phoenix 3
TOP OF THE 2ND
Jersey City Tritons batting - Pitching for Phoenix Hotspur Reserves : RHP John Ball
Batting: SHB John Krog 0-0: Fly out, F8 (Flyball, 8LD)
Batting: RHB Chris Costa 0-0: Ground out 5-3 (Groundball, 56S)
Batting: LHB Francisco Ornelas 0-0: Ball
1-0: Foul Ball, location: 2F
1-1: Ball
2-1: Swinging Strike
2-2: Ball
3-2: Base on Balls
Batting: RHB Colt Cabana 0-0: Ball
1-0: Fly out, F7 (Flyball, 7D)
Top of the 2nd over - 0 runs, 0 hits, 0 errors, 1 left on base; Jersey City 2 - Phoenix 3
BOTTOM OF THE 2ND
Phoenix Hotspur Reserves batting - Pitching for Jersey City Tritons : RHP Ben Logan
Batting: RHB Germán Alfaro 0-0: Called Strike
0-1: Foul Ball, location: 2F
0-2: Ball
1-2: Fly out, F8 (Flyball, 78D)
Batting: RHB Javier González 0-0: Ball
1-0: SINGLE (Groundball, 56D)
Batting: LHB Derek Blair 0-0: Ball
1-0: Ball
2-0: Ball
3-0: Called Strike
3-1: Foul Ball, location: 2F
3-2: Ground out 5-3 (Groundball, 5)
Javier González to second
Batting: SHB Roberto López 0-0: Ball
1-0: Ball
2-0: Foul Ball, location: 2F
2-1: Swinging Strike
2-2: Ground out 4-3 (Groundball, 4D)
Bottom of the 2nd over - 0 runs, 1 hit, 0 errors, 1 left on base; Jersey City 2 - Phoenix 3
TOP OF THE 3RD
Jersey City Tritons batting - Pitching for Phoenix Hotspur Reserves : RHP John Ball
Batting: RHB Juan Chávez 0-0: Ball
1-0: Called Strike
1-1: Ball
2-1: Foul Ball, location: 2F
2-2: Foul Ball, location: 2F
2-2: Fly out, F7 (Line Drive, 78D)
Batting: RHB Zahid Kashani 0-0: Called Strike
0-1: DOUBLE (Line Drive, 7LM)
Batting: RHB Dave Yates 0-0: Called Strike
0-1: Ball
1-1: Ball
2-1: Ball
3-1: DOUBLE (Line Drive, 3D)
Zahid Kashani scores
Batting: RHB Vincent Vega 0-0: Ball
1-0: Called Strike
Dave Yates steals 3rd base
1-1: Reached on error, E4 (Groundball, 4)
Dave Yates scores
Batting: RHB Rudko Hrnjak 0-0: Ball
1-0: Called Strike
1-1: Ball
2-1: Ground out 5-3 (Groundball, 56)
Batting: SHB John Krog 0-0: Ground out U3 (Groundball, 23)
Top of the 3rd over - 2 runs, 2 hits, 1 error, 1 left on base; Jersey City 4 - Phoenix 3
BOTTOM OF THE 3RD
Phoenix Hotspur Reserves batting - Pitching for Jersey City Tritons : RHP Ben Logan
Batting: RHB Rubén Andrada 0-0: Ball
1-0: SOLO HOME RUN (Flyball, 7LD), Distance : 343 ft
Batting: LHB Clark Espinosa 0-0: Ball
1-0: Called Strike
1-1: Ball
2-1: Ball
3-1: Foul Ball, location: 2F
3-2: Strikes out swinging
Batting: LHB Harumi Takaki 0-0: Foul Ball, location: 2F
0-1: Ground out 4-3 (Groundball, 4)
Batting: RHB Jesús Mejía 0-0: Ball
1-0: Called Strike
1-1: Foul Ball, location: 2F
1-2: Foul Ball, location: 2F
1-2: Ball
2-2: Ball
3-2: Foul Ball, location: 2F
3-2: Strikes out looking
Bottom of the 3rd over - 1 run, 1 hit, 0 errors, 0 left on base; Jersey City 4 - Phoenix 4
TOP OF THE 4TH
Jersey City Tritons batting - Pitching for Phoenix Hotspur Reserves : RHP John Ball
Batting: RHB Chris Costa 0-0: Foul Ball, location: 2F
0-1: Reached on error, E6 (Groundball, 6)
Batting: LHB Francisco Ornelas 0-0: Called Strike
0-1: Ball
1-1: Fly out, F5 (Popup, 6S)
Batting: RHB Colt Cabana 0-0: Ball
1-0: Ball
2-0: Foul Ball, location: 2F
2-1: Swinging Strike
2-2: Strikes out swinging
Batting: RHB Juan Chávez 0-0: Ground out 6-3 (Groundball, 6)
Top of the 4th over - 0 runs, 0 hits, 1 error, 1 left on base; Jersey City 4 - Phoenix 4
BOTTOM OF THE 4TH
Phoenix Hotspur Reserves batting - Pitching for Jersey City Tritons : RHP Ben Logan
Batting: RHB Bob Curry 0-0: Ball
1-0: Ground out 4-3 (Groundball, 4)
Batting: RHB Germán Alfaro 0-0: Ball
1-0: Fly out, F6 (Line Drive, 56)
Batting: RHB Javier González 0-0: Ball
1-0: Ground out 6-3 (Groundball, 56)
Bottom of the 4th over - 0 runs, 0 hits, 0 errors, 0 left on base; Jersey City 4 - Phoenix 4
TOP OF THE 5TH
Jersey City Tritons batting - Pitching for Phoenix Hotspur Reserves : RHP John Ball
Batting: RHB Zahid Kashani 0-0: Ball
1-0: Ball
2-0: SINGLE (Flyball, 89M)
Batting: RHB Dave Yates 0-0: Foul Ball, location: 2F
0-1: Foul Ball, location: 2F
0-2: Ball
1-2: Strikes out swinging
Batting: RHB Vincent Vega 0-0: Ball
1-0: Swinging Strike
1-1: Ball
2-1: Swinging Strike
2-2: Ball
3-2: Strikes out swinging
Zahid Kashani is caught stealing 2nd base
Batter strikes out.
Top of the 5th over - 0 runs, 1 hit, 0 errors, 0 left on base; Jersey City 4 - Phoenix 4
BOTTOM OF THE 5TH
Phoenix Hotspur Reserves batting - Pitching for Jersey City Tritons : RHP Ben Logan
Batting: LHB Derek Blair 0-0: Bunt for hit - play at first, batter safe!
Batting: SHB Roberto López 0-0: Bunted foul
0-1: Bunted foul
0-2: Ball
1-2: Ball
2-2: Ball
3-2: Base on Balls
Derek Blair to second
Batting: RHB Rubén Andrada 0-0: Ball
1-0: Called Strike
1-1: Called Strike
1-2: Foul Ball, location: 2F
1-2: Ball
2-2: Grounds into double play, 4-6-3 (Groundball, 4)
Derek Blair to third
Batting: LHB Clark Espinosa 0-0: Called Strike
0-1: Ball
1-1: Ground out 6-3 (Groundball, 6)
Bottom of the 5th over - 0 runs, 1 hit, 0 errors, 1 left on base; Jersey City 4 - Phoenix 4
TOP OF THE 6TH
Jersey City Tritons batting - Pitching for Phoenix Hotspur Reserves : RHP John Ball
Batting: RHB Rudko Hrnjak 0-0: Ground out 5-3 (Groundball, 56)
Batting: SHB John Krog 0-0: Called Strike
0-1: Called Strike
0-2: Foul Ball, location: 2F
0-2: Ball
1-2: Fly out, F9 (Flyball, 9LM)
Batting: RHB Chris Costa 0-0: Ball
1-0: Ball
2-0: Called Strike
2-1: Fly out, F6 (Line Drive, 6)
Top of the 6th over - 0 runs, 0 hits, 0 errors, 0 left on base; Jersey City 4 - Phoenix 4
BOTTOM OF THE 6TH
Phoenix Hotspur Reserves batting - Pitching for Jersey City Tritons : RHP Ben Logan
Batting: LHB Harumi Takaki 0-0: Called Strike
0-1: Ball
1-1: Ground out 6-3 (Groundball, 56)
Batting: RHB Jesús Mejía 0-0: Ball
1-0: Called Strike
1-1: Fly out, F5 (Popup, 5SF)
Batting: RHB Bob Curry 0-0: Called Strike
0-1: SINGLE (Flyball, 89S)
Batting: RHB Germán Alfaro 0-0: Ground out 4-3 (Groundball, 4)
Bottom of the 6th over - 0 runs, 1 hit, 0 errors, 1 left on base; Jersey City 4 - Phoenix 4
TOP OF THE 7TH
Jersey City Tritons batting - Pitching for Phoenix Hotspur Reserves : RHP John Ball
Batting: LHB Francisco Ornelas 0-0: TRIPLE (Flyball, 89XD)
Batting: RHB Colt Cabana 0-0: Ball
1-0: Ball
2-0: Foul Ball, location: 2F
2-1: Ball
3-1: Called Strike
3-2: Foul Ball, location: 2F
3-2: TRIPLE (Line Drive, 9LD)
Francisco Ornelas scores
Pinch Hitting: SHB Ludovic Michel 0-0: Intentional Walk
Batting: RHB Zahid Kashani 0-0: Ground out 6-3 (Groundball, 6)
Ludovic Michel to second
Batting: RHB Dave Yates 0-0: Called Strike
Balk!
Colt Cabana scores
Ludovic Michel to third
0-1: Called Strike
0-2: Foul Ball, location: 2F
0-2: Strikes out looking
Batting: RHB Vincent Vega 0-0: SINGLE (Groundball, 13S) (infield hit)
Ludovic Michel scores
Pitching: LHP Bryan Jones
Batting: RHB Rudko Hrnjak 0-0: Ball
1-0: Foul Ball, location: 2F
1-1: Foul Ball, location: 2F
1-2: Ball
Throwing error on steal attempt, E2
Vincent Vega to third
2-2: Ball
3-2: Foul Ball, location: 2F
3-2: SINGLE (Line Drive, 7LS)
Vincent Vega scores
Batting: SHB John Krog 0-0: Ball
Balk!
Rudko Hrnjak to second
1-0: Ball
2-0: Ball
3-0: Base on Balls
Batting: RHB Chris Costa 0-0: Ball
1-0: Swinging Strike
1-1: Foul Ball, location: 2F
1-2: Ball
2-2: Foul Ball, location: 2F
2-2: Ground out 5-3 (Groundball, 5S)
Top of the 7th over - 4 runs, 4 hits, 1 error, 2 left on base; Jersey City 8 - Phoenix 4
BOTTOM OF THE 7TH
Phoenix Hotspur Reserves batting - Pitching for Jersey City Tritons : RHP Ben Logan
Now at 1B: Ludovic Michel
Batting: RHB Javier González 0-0: Ground out U3 (Groundball, 34S)
Batting: LHB Derek Blair 0-0: Ground out 6-3 (Groundball, 6)
Batting: SHB Roberto López 0-0: Swinging Strike
0-1: Ball
1-1: Foul Ball, location: 2F
1-2: SINGLE (Groundball, 34D)
Batting: RHB Rubén Andrada 0-0: Ball
1-0: Ball
2-0: Called Strike
2-1: Ball
3-1: Base on Balls
Roberto López to second
Pitching: LHP Héctor Rodríguez
Batting: LHB Clark Espinosa 0-0: Ball
1-0: Fly out, F8 (Line Drive, 8RD)
Bottom of the 7th over - 0 runs, 1 hit, 0 errors, 2 left on base; Jersey City 8 - Phoenix 4
TOP OF THE 8TH
Jersey City Tritons batting - Pitching for Phoenix Hotspur Reserves : LHP Bryan Jones
Batting: LHB Francisco Ornelas 0-0: Ball
1-0: Fly out, F8 (Flyball, 78D)
Batting: RHB Colt Cabana 0-0: Foul Ball, location: 2F
0-1: Foul Ball, location: 2F
0-2: Ball
1-2: Ball
2-2: Ball
3-2: Fly out, F7 (Flyball, 7LSF)
Batting: SHB Ludovic Michel 0-0: Ball
1-0: Foul Ball, location: 2F
1-1: Fly out, F7 (Flyball, 7S)
Top of the 8th over - 0 runs, 0 hits, 0 errors, 0 left on base; Jersey City 8 - Phoenix 4
BOTTOM OF THE 8TH
Phoenix Hotspur Reserves batting - Pitching for Jersey City Tritons : LHP Héctor Rodríguez
Batting: LHB Harumi Takaki 0-0: Ball
1-0: Ball
2-0: Swinging Strike
2-1: SINGLE (Groundball, 34D)
Batting: RHB Jesús Mejía 0-0: Called Strike
0-1: Called Strike
0-2: Ball
1-2: Strikes out looking
Batting: RHB Bob Curry 0-0: Ball
1-0: Ball
2-0: Ball
3-0: Base on Balls
Harumi Takaki to second
Batting: RHB Germán Alfaro 0-0: Ball
1-0: Ball
2-0: Ball
3-0: Called Strike
3-1: Grounds into double play, 6-4-3 (Groundball, 6M)
Bottom of the 8th over - 0 runs, 1 hit, 0 errors, 1 left on base; Jersey City 8 - Phoenix 4
TOP OF THE 9TH
Jersey City Tritons batting - Pitching for Phoenix Hotspur Reserves : LHP Bryan Jones
Pitching: RHP Richard Carlson
Batting: RHB Zahid Kashani 0-0: Ball
1-0: Called Strike
1-1: Ball
2-1: Foul Ball, location: 2F
2-2: Fly out, F7 (Line Drive, 7)
Batting: RHB Dave Yates 0-0: Foul Ball, location: 2F
0-1: Ball
1-1: Ball
2-1: Ball
3-1: Base on Balls
Batting: RHB Vincent Vega 0-0: Ball
1-0: Grounds into double play, 5-4-3 (Groundball, 56)
Top of the 9th over - 0 runs, 0 hits, 0 errors, 0 left on base; Jersey City 8 - Phoenix 4
BOTTOM OF THE 9TH
Phoenix Hotspur Reserves batting - Pitching for Jersey City Tritons : LHP Héctor Rodríguez
Batting: RHB Javier González 0-0: Ball
1-0: Ball
2-0: Ball
3-0: Called Strike
3-1: Base on Balls
Batting: LHB Derek Blair 0-0: DOUBLE (Line Drive, 9D)
Javier González to third
Pitching: RHP Anthony Ledesma
Batting: SHB Roberto López 0-0: Ball
1-0: Ball
2-0: Ball
3-0: Base on Balls
Batting: RHB Rubén Andrada 0-0: Foul Ball, location: 2F
0-1: Fly out, F8 (Flyball, 8LS)
Batting: LHB Clark Espinosa 0-0: Ball
1-0: Foul Ball, location: 2F
1-1: Foul Ball, location: 2F
1-2: Strikes out looking
Batting: LHB Harumi Takaki 0-0: Called Strike
0-1: Swinging Strike
0-2: Ball
1-2: Ball
2-2: Strikes out looking
Bottom of the 9th over - 0 runs, 1 hit, 0 errors, 3 left on base; Jersey City 8 - Phoenix 4
Tuesday, December 19th, 2017 - OOTP Baseball 18.8 Build 76